 Dungeon Crawl Stone Soup version 0.29.1-12-g30fa7ad0bf (webtiles) character file.

Game seed: 56222923595776984

151 hawla the Firebug (level 5, -24/39 HPs)
             Began as a Meteoran Fire Elementalist on Dec 31, 2022.
             Was an Initiate of Vehumet.
             Annihilated by an ogre
             ... wielding a +0 giant club
              (28 damage)
             ... on level 4 of the Dungeon.
             The game lasted 00:04:38 (1026 turns).

hawla the Firebug (Meteoran Fire Elementalist)      Turns: 1026, Time: 00:04:39

Health: -24/39     AC:  2    Str: 10    XL:     5   Next: 91%
Magic:  3/11       EV: 12    Int: 18    God:    Vehumet [......]
Gold:   62         SH:  0    Dex: 14    Spells: 4/11 levels left

rFire   . . .      SeeInvis .   (no weapon)
rCold   . . .      Faith    .   (no shield)
rNeg    . . .      Spirit   .   a - +0 robe
rPois   .          Reflect  .   l - +0 hat
rElec   .          Harm     .   o - scarf {repulsion}
rCorr   .          Rampage  .   (no gloves)
Will    .....                   (no boots)
Stlth   +.........              (no amulet)
HPRegen 0.13/turn               (no ring)
MPRegen 0.12/turn               (no ring)

@: glowing, repel missiles
A: sense surroundings 1, otherworldly, glowing, explore regen
a: Renounce Religion


You were on level 4 of the Dungeon.
You worshipped Vehumet.
Vehumet was noncommittal.
You visited 1 branch of the dungeon, and saw 4 of its levels.

You collected 62 gold pieces.

Inventory:

Armour
 a - a +0 robe (worn)
 l - a +0 hat (worn)
 o - a scarf of repulsion (worn)
Scrolls
 c - a scroll of magic mapping {unknown}
 d - a scroll of enchant weapon {unknown}
 f - a scroll of identify
 h - a scroll of teleportation
Potions
 b - a potion of magic
 e - 3 potions of curing {unknown}
 g - a potion of resistance {unknown}
 i - a potion of mutation {unknown}
 j - a potion of haste {unknown}
 k - a potion of brilliance {unknown}
 m - a potion of might {unknown}
 n - a potion of attraction {unknown}


   Skills:
 + Level 0.4 Fighting
 + Level 2.8 Dodging
 - Level 1.4 Stealth
 + Level 3.6 Spellcasting
 + Level 4.4 Conjurations
 + Level 4.5 Fire Magic


You had 4 spell levels left.
You knew the following spells:

 Your Spells              Type           Power      Damage    Failure   Level
a - Foxfire               Conj/Fire      76%        2x1d7     2%          1
b - Scorch                Fire           38%        2d7       3%          2
c - Flame Wave            Conj/Fire      19%        2d7       24%         4

Your spell library contained the following spells:

 Spells                   Type           Power      Damage    Failure   Level
 Conjure Flame            Conj/Fire      19%        6-21      8%          3
 Inner Flame              Hex/Fire       11%        N/A       19%         3
 Stone Arrow              Conj/Erth      22%        3d8       19%         3
 Animate Armour           Summ/Erth      6%         N/A       83%         4
 Lehudib's Crystal Spear  Conj/Erth      5%         10d3      100%        8


Dungeon Overview and Level Annotations

Branches:
Dungeon (4/15) Zot: 1372
 Temple: D:4-7

Altars:
Vehumet

Annotations:
D:4 Blork the orc


Innate Abilities, Weirdness & Mutations

You passively map a small area around you.
You are easily found by Zot.
You glow in the dark.
You regain HP and MP as you explore.


Message History

You conjure some foxfire!
The kobold hits you with a +0 short sword.
The foxfire hits the kobold.
The kobold is severely wounded.
The kobold hits you but does no damage.
A kobold comes into view. It is wielding a +0 short sword.
The kobold hits you with a +0 short sword.
The kobold barely misses you.
Casting: Foxfire (safe; 2% risk of failure)
Confirm with . or Enter, or press ? or * to list all spells.
The spell is quite dangerous to miscast (24% risk of failure)!
Continue anyway?
Casting: Flame Wave (quite dangerous; 24% risk of failure)
Press: ? - help, Dir - look around, f - activate A wave of flame ripples out!
The flame wave engulfs the kobold.
You kill the kobold!
Vehumet accepts your kill. The flame wave engulfs your foxfire.
Your foxfire completely resists. (Press . to intensify the flame waves.)
You hear a shout! x2
A wave of flame ripples out!
The flame wave engulfs the ogre!
The ogre is moderately wounded.
The flame wave engulfs the goblin!
You kill the goblin!
Vehumet accepts your kill. The flame wave engulfs your foxfire.
Your foxfire completely resists.
You hear a shout!
The ogre hits you with a +0 giant club!!
Ouch! That really hurt!
* * * LOW HITPOINT WARNING * * *
Unknown command.
A wave of flame ripples out!
The flame wave engulfs the ogre!
The ogre is heavily wounded.
The flame wave engulfs your foxfire.
Your foxfire completely resists.
You finish channelling waves of flame.
The ogre hits you with a +0 giant club!!
Ouch! That really hurt!
You die...

* , ,* , ^.. .. * #.# ,,
. .. #.# .# .,#. ** *
#.# ...#..K* * #.#
.....#. #.# .....,>,
,#.# , .#.##.O########.#
!.....)@v.......########
#..#######..............
#.############# , #.#
#.# #.# , , #.# #.# #.#


You could see an ogre (ally target) and a kobold.

Vanquished Creatures
  A jelly (D:4)
  A hound (D:4)
  A gnoll (D:3)
  3 adders
  2 dart slugs (D:3)
  6 orcs (D:4)
  A bat (D:3)
  3 endoplasms
  4 giant cockroaches
  5 hobgoblins
  4 kobolds
  2 quokkas (D:4)
  2 ball pythons
  A frilled lizard (D:1)
  5 goblins
  3 rats
44 creatures vanquished.

Vanquished Creatures (others)
  81 foxfires
81 creatures vanquished.

Grand Total: 125 creatures vanquished

Notes
Turn   | Place    | Note
-------+----------+-------------------------------------------
     0 | D:1      | hawla the Meteoran Fire Elementalist began the quest for
                  | the Orb.
     0 | D:1      | Reached XP level 1. HP: 14/14 MP: 5/5
    51 | D:1      | Reached XP level 2. HP: 3/20 MP: 1/6
    54 | D:1      | Learned a level 2 spell: Scorch
   269 | D:3      | Reached XP level 3. HP: 26/26 MP: 4/8
   325 | D:3      | Found a radiant altar of Vehumet.
   373 | D:3      | Became a worshipper of Vehumet
   541 | D:3      | Reached XP level 4. HP: 24/34 MP: 6/10
   552 | D:4      | Learned a level 4 spell: Flame Wave
   703 | D:4      | Reached XP level 5. HP: 39/39 MP: 3/11
   950 | D:4      | Noticed Blork the orc
  1019 | D:4      | Noticed an ogre
  1026 | D:4      | Annihilated by an ogre

Illustrated notes

Levels and vault maps discovered:
D:1:      lightli_arrival_windingriver, layout_basic,
          shapermc_ecumenical_altar_mp_highgroup
D:2:      layout_basic, basic_altar
D:3:      layout_rooms, vehumet_crystals
D:4:      layout_basic, uniq_blork_the_orc

Skill      XL: |  1  2  3  4  5 |
---------------+----------------+-----
Fire Magic     | 4 |  4.5
Spellcasting   | 3 |  3.6
Conjurations   | 2 3 4 |  4.4
Fighting       | |  0.4
Dodging        | |  2.8
Stealth        | |  1.4

Action                   |  1- 3 |  4- 6 || total
-------------------------+-------+-------++-------
Melee: Unarmed           |    44 |       ||    44
 Cast: Foxfire           |    32 |    14 ||    46
       Scorch            |     6 |    11 ||    17
       Flame Wave        |       |     1 ||     1
  Use: Scroll            |       |     2 ||     2
Armor: Robe              |    22 |     1 ||    23
Dodge: Dodged            |    24 |     3 ||    27
